 Dungeon Crawl Stone Soup version 0.27.0-1-g7a089689b8 (webtiles) character file.

Game seed: 12598272387593350028

296 sanka the Ducker (level 6, 0/37 HPs)
             Began as a Deep Elf Gladiator on Aug 3, 2021.
             Was an Initiate of Vehumet.
             Slain by an orc priest (3 damage)
             ... on level 5 of the Dungeon.
             The game lasted 00:07:11 (6307 turns).

sanka the Ducker (Deep Elf Gladiator)               Turns: 6307, Time: 00:07:11

Health: 0/37       AC:  4    Str: 11    XL:     6   Next: 12%
Magic:  8/8        EV: 15    Int: 15    God:    Vehumet [......]
Gold:   212        SH:  0    Dex: 16    Spells: 5/5 levels left

rFire    . . .     SeeInvis .   a - +4 quarterstaff (chaos)
rCold    . . .     Faith    +   (shield currently unavailable)
rNeg     . . .     Spirit   .   b - +0 leather armour
rPois    .         Reflect  .   c - +0 helmet
rElec    .         Harm     .   (no cloak)
rCorr    .         Rampage  .   (no gloves)
Will     ++...                  (no boots)
Stlth    +.........             s - amulet of faith
HPRegen  0.12/turn              l - ring of willpower
MPRegen  0.11/turn              g - ring of willpower

@: no status effects
A: no striking features
a: Renounce Religion


You were on level 5 of the Dungeon.
You worshipped Vehumet.
Vehumet was noncommittal.
You visited 2 branches of the dungeon, and saw 6 of its levels.

You collected 212 gold pieces.


   Skills:
 - Level 3.0 Fighting
 - Level 3.0 Staves
 - Level 2.0 Throwing
 + Level 7.4 Dodging


You had 5 spell levels left.
You didn't know any spells.
Your spell library contained the following spells:

 Spells                   Type           Power      Damage    Failure   Level
 Blink                    Tloc           N/A        N/A       47%         2
 Lesser Beckoning         Tloc           0%         N/A       71%         3
 Manifold Assault         Tloc           0%         N/A       100%        5

Inventory:

Hand Weapons
 a - a +4 quarterstaff of chaos (weapon)
 p - a +0 quarterstaff
Missiles
 d - a throwing net (quivered) {=f}
Armour
 b - a +0 leather armour (worn)
 c - a +0 helmet (worn)
 o - a +0 cloak
Jewellery
 g - a ring of willpower (right hand)
 l - a ring of willpower (left hand)
 s - an amulet of faith (around neck)
 u - a ring of ice
Wands
 r - a wand of charming (13)
 v - a wand of flame (22)
Scrolls
 e - 2 scrolls of immolation {unknown}
 h - 6 scrolls of identify {unknown}
 i - 3 scrolls of teleportation {unknown}
 j - a scroll of torment {unknown}
 k - a scroll of vulnerability {unknown}
 n - a scroll of fear {unknown}
 q - a scroll of holy word {unknown}
Potions
 f - 2 potions of curing {unknown}
 m - a potion of brilliance {unknown}
 t - a potion of lignification {unknown}
 w - a potion of heal wounds {unknown}

Dungeon Overview and Level Annotations

Branches:
Dungeon (5/15)             Temple (1/1) D:4

Altars:
Ashenzari
Elyvilon
Kikubaaqudgha
Makhleb
Nemelex Xobeh
Qazlal
Ru
Sif Muna
Trog
Uskayaw
Vehumet
Wu Jian
The Shining One
Lugonu

Shops:
D:2 ?

Annotations:
D:4 exclusion: ogre
D:5 Sigmund

▒▒▒▒. ▒'▒ ......
▒▒▒▒'▒▒▒▒▒▒▒▒▒▒ ▒▒▒▒.▒▒
▒.............▒ ......▒▒▒▒▒
▒.............▒ ..........▒
▒...{o........▒
..........▒▒▒▒▒▒▒.▒▒▒▒▒▒▒▒▒▒
................▒o▒
................▒)▒
▒▒▒▒.....▒▒▒....e.▒
▒.▒▒▒▒▒_▒....▒▒▒ ▒.▒
▒▒.▒▒...▒ ▒▒▒▒'▒▒▒▒...▒▒..▒
.......▒..▒..▒▒▒▒
.>.....▒.▒▒▒.▒
.......▒.▒▒▒.▒▒
▒▒▒▒..▒▒.▒_...▒▒
▒▒▒▒..'..▒...._▒


You could see 2 orcs.


Message History

The orc barely misses you. Something hits you.
* * * LOW HITPOINT WARNING * * *
The orc hits you but does no damage.
Unknown command.
Something hits you.
* * * LOW HITPOINT WARNING * * *
Something hits you.
* * * LOW HITPOINT WARNING * * *
There is an open door here.
You sock the orc!
You kill the orc!
Vehumet accepts your kill.
Sigmund's eyes start glowing with a red light.
You barely miss the adder. The adder bites you but does no damage.
The adder barely misses you.
You hit the adder.
Space warps horribly around the adder!
The adder is severely wounded.
The adder bites you.
* * * LOW HITPOINT WARNING * * *
You sock the adder!
You kill the adder!
Vehumet accepts your kill.
You miss something.
Sigmund casts a spell.
Sigmund flickers and vanishes!
Something hits you.
You die...

Action                   |  1- 3 |  4- 6 || total
-------------------------+-------+-------++-------
Melee: Quarterstaff      |    98 |   104 ||   202
Throw: Throwing net      |     2 |     2 ||     4
 Stab: Sleeping          |     2 |     2 ||     4
       Held in net/web   |     1 |       ||     1
Armor: Leather armour    |    25 |    22 ||    47
Dodge: Dodged            |    56 |    97 ||   153

Levels and vault maps discovered:
D:1:      beargit_arrival_diablo_church, layout_loops_ring, minivault_11,
          chequers_arboretum, minmay_vboxes
D:2:      layout_loops_ring, serial_shops, nicolae_diamond_shop,
          uniq_crazy_yiuf_cottage
D:3:      layout_loops_ring, mainiacjoe_overflow_chevrons,
          shapermc_ecumenical_altar_venn, roderic_serpentine_path,
          hangedman_decor_push, roderic_roman_lattice, minmay_unequal
D:4:      layout_layer_cave, nicolae_uskayaw_en_pointe,
          minmay_temple_entry_junction_2
D:5:      layout_basic, chequers_temple_overflow_minitemple, minivault_24,
          uniq_sigmund
Temple:   corrupted_temple

Notes
Turn   | Place    | Note
-------+----------+-------------------------------------------
     0 | D:1      | sanka the Deep Elf Gladiator began the quest for the Orb.
     0 | D:1      | Reached XP level 1. HP: 12/12 MP: 3/3
   326 | D:1      | Reached skill level 2 in Fighting
   335 | D:1      | Reached XP level 2. HP: 12/17 MP: 4/4
   713 | D:1      | Reached XP level 3. HP: 19/22 MP: 5/5
   726 | D:1      | Reached skill level 3 in Fighting
  1343 | D:2      | Found Suxuf's Magic Scroll Boutique.
  1404 | D:2      | Reached skill level 4 in Dodging
  1998 | D:2      | Found a runed translucent door.
  1999 | D:2      | Noticed Crazy Yiuf
  2170 | D:2      | Killed Crazy Yiuf
  2171 | D:2      | Reached XP level 4. HP: 19/28 MP: 6/6
  2308 | D:3      | Found a burning altar of Makhleb.
  2346 | D:3      | Reached skill level 5 in Dodging
  2524 | D:3      | Found a faded altar of an unknown god.
  3701 | D:4      | Found a staircase to the Ecumenical Temple.
  3710 | Temple   | Entered the Ecumenical Temple
  3754 | Temple   | Became a worshipper of Vehumet
  3938 | D:4      | Noticed an ogre
  4072 | D:4      | Noticed an ogre
  4169 | D:4      | HP: 2/26 [gnoll (3)]
  4698 | D:4      | Reached XP level 5. HP: 17/28 MP: 7/7
  4701 | D:4      | Reached skill level 6 in Dodging
  5045 | D:4      | Noticed a +0 falchion
  5045 | D:4      | Noticed a +0 dagger
  5045 | D:4      | Noticed a +0 dagger
  5045 | D:4      | Noticed a +0 short sword
  5046 | D:4      | Noticed a +0 spear
  5046 | D:4      | Noticed a +0 short sword
  5046 | D:4      | Noticed a +0 falchion
  5056 | D:4      | Found a hide-covered altar of Uskayaw.
  5060 | D:4      | Noticed a +0 spear
  5530 | D:5      | Entered Level 5 of the Dungeon
  5999 | D:5      | Reached skill level 7 in Dodging
  6003 | D:5      | Reached XP level 6. HP: 17/37 MP: 8/8
  6220 | D:5      | Found an ancient bone altar of Kikubaaqudgha.
  6220 | D:5      | Found a white marble altar of Elyvilon.
  6228 | D:5      | Found a broken altar of Ashenzari.
  6230 | D:5      | Found a sparkling altar of Nemelex Xobeh.
  6232 | D:5      | Found a stormy altar of Qazlal.
  6291 | D:5      | Noticed Sigmund
  6305 | D:5      | HP: 2/37 [adder (3)]
  6307 | D:5      | Slain by an orc priest

Vanquished Creatures
  A bullfrog zombie (D:5)
  2 orc priests (D:5)
  Crazy Yiuf (D:2)
  An orc wizard (D:4)
  3 adders
  4 gnolls
  An ufetubus (D:4)
  A worm (D:3)
  2 dart slugs (D:1)
  2 orcs
  10 bats
  10 endoplasms
  A giant cockroach (D:1)
  8 goblins
  6 hobgoblins
  4 quokkas
  5 ball pythons
  3 frilled lizards
  7 kobolds
  7 rats
79 creatures vanquished.
